 Dungeon Crawl Stone Soup version 0.17.0-22-g5edae84 (console) character file.

26 gw the Sneak (level 2, 0/14 HPs)
             Began as a Spriggan Enchanter on Nov 12, 2015.
             Slain by a gnoll
             ... wielding a +0 whip
              (9 damage)
             ... on level 2 of the Dungeon.
             The game lasted 00:00:56 (1058 turns).

gw the Sneak (Spriggan Enchanter)                   Turns: 1058, Time: 00:00:56

Health: 0/14       AC:  3    Str:  4    XL:     2   Next: 89%
Magic:  0/7        EV: 18    Int: 16    God:
Gold:   72         SH:  0    Dex: 16    Spells: 2 memorised, 4 levels left

rFire  . . .     SeeInvis +     a - +1 dagger
rCold  . . .     Clarity  .     e - +1 robe
rNeg   . . .     SustAt   .     (shield restricted)
rPois  .         Gourm    .     (helmet restricted)
rElec  .         Spirit   .     (no cloak)
rCorr  .         Warding  .     (gloves unavailable)
rMut   .         Stasis   .     (boots unavailable)
MR     .....                    (no amulet)
Stlth  +++.......               (no ring)
                                (no ring)

@: very quick, not resistant to hostile enchantments, fairly stealthy
A: unfitting armour, see invisible, herbivore 3, speed 3, slow metabolism 2
a: no special abilities


You were on level 2 of the Dungeon.
You were not hungry.

You visited 1 branch of the dungeon, and saw 2 of its levels.

You collected 72 gold pieces.

Inventory:

Hand Weapons
 a - a +1 dagger (weapon)
 b - a +0 hunting sling
Missiles
 f - 3 stones (quivered)
Armour
 e - a +1 robe (worn)
Books
 c - a book of Maledictions

   Spells                             Type                      Level
   a - Corona                         Hexes                        1
   b - Ensorcelled Hibernation        Hexes/Ice                    2
   c - Confuse                        Hexes                        3
   d - Tukima's Dance                 Hexes                        3
   e - Dazzling Spray                 Conjuration/Hexes            3
Comestibles
 d - a bread ration


   Skills:
 + Level 1.0 Fighting
 + Level 1.4 Short Blades
 + Level 3.3 Dodging
 - Level 4.4 Stealth
 * Level 3.0 Spellcasting
 + Level 4.0 Hexes


You had 4 spell levels left.
You knew the following spells:

 Your Spells              Type           Power        Failure   Level  Hunger
a - Corona                Hex            ###....      4%          1    #......
b - Ensorcelled Hibernat  Hex/Ice        #.....       14%         2    ##.....


Dungeon Overview and Level Annotations

Branches:
Dungeon (2/15)

Altars:


Innate Abilities, Weirdness & Mutations

You are tiny and cannot use many weapons and most armour.
You have supernaturally acute eyesight.
You are a herbivore.
You cover ground extremely quickly.
You need consume almost no food.


Message History

You hit the gnoll.
You kill the gnoll!
Your Spellcasting skill increases to level 3!
Your Hexes skill increases to level 4!
Unknown command.
Unknown command.
Unknown command.
Unknown command.
FLEEEEING!
ATTACKING (-1,0)
You hit the gnoll but do no damage. The gnoll completely misses you.
Unknown command.
Unknown command.
Unknown command.
Unknown command.
FLEEEEING!
ATTACKING (-1,0)
You closely miss the gnoll. The gnoll hits you with a whip!
Ouch! That really hurt!
You die...

#g. ..# ..g
#.# #g# #.#
#.. #.#
###.## #.#
.... #.#
#(#####.#
#<..ggi.#
#....#######
#.#####


You could see 2 gnolls.

Table legend:
 A = Turns spent in this place as a percentage of turns spent in the entire game.
 B = Non-inter-level travel turns spent in this place as a percentage of non-inter-level travel turns spent in the entire game.
 C = Inter-level travel turns spent in this place as a percentage of turns spent in this place.
 D = Turns resting spent in this place as a percentage of non-inter-level travel turns spent in this place.
 E = Turns spent auto-exploring this place as a percentage of non-inter-level travel turns spent in this place.
 F = Non-inter-level travel turns spent in this place divided by the number of levels of this place that you've seen.
                   A       B       C       D       E      F
               +-------+-------+-------+-------+-------+----------------------
         Total | 100.0 | 100.0 |   0.1 |   2.7 |   1.8 | 662.0
       Dungeon | 100.0 | 100.0 |   0.1 |   2.7 |   1.8 | 662.0
               +-------+-------+-------+-------+-------+----------------------

Table legend:
 A = Kills in this place as a percentage of kills in entire the game.
 B = Kills by you in this place as a percentage of kills by you in the entire game.
 C = Kills by friends in this place as a percentage of kills by friends in the entire game.
 D = Other kills in this place as a percentage of other kills in the entire game.
 E = Experience gained in this place as a percentage of experience gained in the entire game.
 F = Experience gained in this place divided by the number of levels of this place that you have seen.
                   A       B       C       D       E      F
               +-------+-------+-------+-------+-------+----------------------
         Total | 100.0 | 100.0 |  -nan |  -nan | 100.0 |  19.0
       Dungeon | 100.0 | 100.0 |  -nan |  -nan | 100.0 |  19.0
               +-------+-------+-------+-------+-------+----------------------

Vanquished Creatures
  A gnoll (D:2)
  A giant gecko (D:1)
  A ball python (D:1)
  4 goblins (D:1)
  A hobgoblin (D:1)
  2 bats (D:1)
  2 giant newts (D:1)
  3 kobolds (D:1)
  A rat (D:1)
16 creatures vanquished.

Notes
Turn   | Place    | Note
--------------------------------------------------------------
     0 | D:1      | gw the Spriggan Enchanter began the quest for the Orb.
     0 | D:1      | Reached XP level 1. HP: 9/9 MP: 5/5
   322 | D:1      | Reached XP level 2. HP: 7/14 MP: 3/6
   488 | D:1      | Learned a level 2 spell: Ensorcelled Hibernation
   506 | D:1      | Reached skill level 1 in Fighting
  1058 | D:2      | Slain by a gnoll

Action                   || total
-------------------------++-------
Melee: Dagger            ||    44
 Fire: Hunting sling     ||     8
 Cast: Corona            ||    22
       Ensorcelled Hiber ||     8

Vault maps used:
D:1:      scummos_arrival_checkerplants
